 Dungeon Crawl Stone Soup version 0.31-a0-75-g6fe912e8c5 (webtiles) character file.

Game seed: 9356373414086142483

35 greasedhog the Trooper (level 3, -2/20 HPs)
             Began as a Vine Stalker Fighter on May 24, 2023.
             Slain by a cerulean imp
             ... wielding a +0 spear
             ... summoned by Natasha
              (4 damage)
             ... on level 2 of the Dungeon.
             The game lasted 00:01:12 (784 turns).

greasedhog the Trooper (Vine Stalker Fighter)        Turns: 784, Time: 00:01:13

Health: -2/20      AC:  7    Str: 20    XL:     3   Next: 33%
Magic:  0/4        EV:  9    Int:  8    God:
Gold:   134        SH:  4    Dex: 13    Spells: 2/2 levels left

rFire   . . .        a - +0 flail
rCold   . . .        c - +0 buckler
rNeg    . . .        b - +0 scale mail
rPois   .            f - +0 helmet
rElec   .            (no cloak)
rCorr   .            (no gloves)
SInv    .            (no boots)
Will    .....        (no amulet) Stlth
                     (no ring)
HPRegen 0.23/turn    (no ring)
MPRegen 0.09/turn

%: guardian spirit
@: slowed, very slow
A: fangs 2, magic shield, antimagic bite, no potion heal 2
a: no special abilities


You were on level 2 of the Dungeon.
You visited 1 branch of the dungeon, and saw 2 of its levels.

You collected 134 gold pieces.

Inventory:

Hand Weapons
 a - a +0 flail (weapon)
Armour
 b - a +0 scale mail (worn)
 c - a +0 buckler (worn)
 f - a +0 helmet (worn)
Scrolls
 g - a scroll of enchant armour {unknown}
 i - a scroll of poison {unknown}
Potions
 d - a potion of might
 e - a potion of attraction {unknown}
 h - a potion of curing {unknown}


   Skills:
 + Level 3.1 Fighting
 * Level 2.9 Maces & Flails
 - Level 2.4 Armour
 - Level 2.6 Shields


You had 2 spell levels left.
You didn't know any spells.
Your spell library was empty.

Dungeon Overview and Level Annotations

Branches:
Dungeon (2/15)

Altars:

Annotations:
D:2 Natasha


Innate Abilities, Weirdness & Mutations

You have extremely sharp teeth.
When hurt, damage is shared between your health and your magic reserves.
Your bite disrupts and absorbs the magic of your enemies.
Potions cannot restore your health.


Message History

Natasha is lightly wounded.
The cerulean imp hits you but does no damage.
Natasha casts a spell at you. The magic dart hits you!
The cerulean imp hits you but does no damage.
You closely miss Natasha.
Natasha is lightly wounded.
The cerulean imp hits you but does no damage.
You block Natasha's attack. The cerulean imp closely misses you.
The cerulean imp hits you with a +0 spear.
* * * LOW HITPOINT WARNING * * *
You block the cerulean imp's attack. Natasha casts a spell at you.
You feel yourself slow down.
You hit Natasha. You bite Natasha.
Natasha's magic leaks into the air.
You drain her magic.
You feel invigorated.
Natasha is almost dead.
The cerulean imp hits you but does no damage.
Natasha completely misses you.
The cerulean imp hits you from afar with a +1 spear.
The cerulean imp barely misses you.
You closely miss Natasha. Your bite misses Natasha.
Natasha is almost dead.
Natasha falters for a moment.
The cerulean imp hits you but does no damage.
The cerulean imp hits you with a +0 spear.
* * * LOW HITPOINT WARNING * * *
The cerulean imp misses you. Natasha claws you.
* * * LOW HITPOINT WARNING * * *
The cerulean imp completely misses you.
You barely miss Natasha.
Natasha is almost dead.
Natasha falters for a moment.
The cerulean imp hits you but does no damage. x2
Natasha claws you but does no damage. The cerulean imp barely misses you.
Unknown command.
You barely miss Natasha.
Natasha is almost dead.
The cerulean imp hits you with a +0 spear.
You die...

#+#### #....# #..5#
#..h# ##### #.5@#
#...# #...####.#.#
###....#.#.#
#.........#.#####
#......##........
...)......#.#+#.###
#.#.............# #
#.....(.#....)+
.............†.#


You could see Natasha (empowered, magic disrupted) and 2 cerulean imps.

Vanquished Creatures
  An adder (D:2)
  5 endoplasms (D:1)
  A giant cockroach (D:1)
  2 goblins (D:1)
  A hobgoblin (D:2)
  2 jackals (D:1)
  2 kobolds (D:2)
  3 quokkas (D:1)
  5 rats (D:1)
22 creatures vanquished.

Notes
Turn   | Place    | Note
-------+----------+-------------------------------------------
     0 | D:1      | greasedhog the Vine Stalker Fighter began the quest for the
                  | Orb.
     0 | D:1      | Reached XP level 1. HP: 11/11 MP: 2/2
   162 | D:1      | Reached XP level 2. HP: 16/16 MP: 3/3
   299 | D:1      | Reached skill level 3 in Fighting
   734 | D:2      | Reached XP level 3. HP: 20/20 MP: 4/4
   769 | D:2      | Noticed Natasha
   782 | D:2      | HP: 1/20 [Natasha (1)]
   784 | D:2      | Slain by a cerulean imp

Illustrated notes

Levels and vault maps discovered:
D:1:      eino_arrival_druids_welcome, layout_loops_cross
D:2:      layout_basic, basic_altar, uniq_natasha, uniq_crazy_yiuf_cottage

Skill      XL: |  1  2 |
---------------+-------+-----
Maces & Flails | 2 |  2.9
Fighting       | 3 |  3.1
Armour         | |  2.4
Shields        | |  2.6

Action                     || total
---------------------------++-------
  Melee: Flail             ||    69
         Bite              ||    19
 Armour: Scale mail        ||    43
  Dodge: Dodged            ||    33
  Block: Buckler           ||    17

Table legend: (Time is in decaauts)
 A = Elapsed time spent in this place.
 B = Non-inter-level travel time spent in this place.
 C = Inter-level travel time spent in this place.
 D = Time resting spent in this place.
 E = Time spent auto-exploring this place.
 F = Levels seen in this place.
 G = Mean time per level.
                   A        B        C        D        E       F      G
               +--------+--------+--------+--------+--------+-----+--------+
         Total |    806 |    766 |     40 |      0 |    607 |   2 |  403.0 |
       Dungeon |    806 |    766 |     40 |      0 |    607 |   2 |  403.0 |
               +--------+--------+--------+--------+--------+-----+--------+

Top non-repeatable levels by time:
     D:1: 743 daAuts
     D:2: 63 daAuts
